 Dungeon Crawl Stone Soup version 0.30-a0-743-gbfdf073431 (webtiles) character file.

Game seed: 2625515376296870539

529 CrazyBamboolord the Chopper (level 7, 0/37 HPs)
             Began as a Vine Stalker Fighter on Feb 5, 2023.
             Slain by a vampire mosquito (4 damage)
             ... on level 5 of the Dungeon.
             The game lasted 00:06:48 (3442 turns).

CrazyBamboolord the Chopper (Vine Stalker Fighter)  Turns: 3442, Time: 00:06:48

Health: 0/37       AC: 13    Str: 21    XL:     7   Next: 24%
Magic:  0/8        EV:  9    Int:  8    God:
Gold:   150        SH:  5    Dex: 13    Spells: 6/6 levels left

rFire   . . .      SeeInvis .    a - +0 war axe
rCold   . . .      Faith    .    c - +0 buckler
rNeg    . . .      Spirit   +    b - +0 scale mail
rPois   .          Reflect  .    (no helmet)
rElec   .          Harm     .    o - scarf {shadows}
rCorr   .          Rampage  .    s - +2 pair of gloves
Will    +....                    j - +2 pair of boots Stlth
                                 (no amulet)
HPRegen 1.06/turn                u - ring of willpower
MPRegen 0.11/turn                (no ring)

@: no status effects
A: fangs 2, regeneration 1, magic shield, antimagic bite, no potion heal 2
a: no special abilities


You were on level 5 of the Dungeon.
You visited 1 branch of the dungeon, and saw 5 of its levels.

You collected 150 gold pieces.

Inventory:

Hand Weapons
 a - a +0 war axe (weapon)
Armour
 b - a +0 scale mail (worn)
 c - a +0 buckler (worn)
 j - a +2 pair of boots (worn)
 o - a scarf of shadows (worn)
 s - a +2 pair of gloves (worn)
Jewellery
 u - a ring of willpower (left hand)
Wands
 v - a wand of flame (12)
Scrolls
 f - 2 scrolls of teleportation
 g - a scroll of poison
 h - a scroll of noise
 k - a scroll of fog {unknown}
 p - 2 scrolls of enchant weapon {unknown}
 t - a scroll of amnesia {unknown}
 x - a scroll of vulnerability {unknown}
 y - a scroll of enchant armour
 A - a scroll of magic mapping {unknown}
Potions
 d - 2 potions of might
 e - a potion of heal wounds {unknown}
 i - a potion of invisibility {unknown}
 l - a potion of berserk rage {unknown}
 m - a potion of haste {unknown}
 n - a potion of flight {unknown}
 q - 2 potions of curing
 r - 2 potions of brilliance {unknown}
 w - a potion of mutation {unknown}
 z - a potion of ambrosia {unknown}
 B - a potion of lignification {unknown}


   Skills:
 * Level 3.7 Fighting
 * Level 5.1 Axes
 * Level 3.8 Armour
 + Level 0.5 Dodging
 * Level 3.4 Shields


You had 6 spell levels left.
You didn't know any spells.
Your spell library was empty.

Dungeon Overview and Level Annotations

Branches:
Dungeon (5/15)
 Temple: D:4-7

Altars:
Ashenzari
Dithmenos
Okawaru
Uskayaw

Shops:
D:1 *


Innate Abilities, Weirdness & Mutations

You have extremely sharp teeth.
Your natural rate of healing is unusually fast.
When hurt, damage is shared between your health and your magic reserves.
Your bite disrupts and absorbs the magic of your enemies.
Potions cannot restore your health.


Message History

The vampire mosquito bites you but does no damage. x2
The vampire mosquito bites you.
The vampire mosquito draws strength from your injuries!
The vampire mosquito bites you.
The vampire mosquito draws strength from your injuries!
You block the vampire mosquito's attack.
The vampire mosquito closely misses you.
You are too injured to fight recklessly!
You are too injured to fight recklessly!
You closely miss the vampire mosquito.
The vampire mosquito is almost destroyed.
You barely miss the vampire mosquito.
The vampire mosquito buzzes angrily.
You hear an angry buzzing noise.
The vampire mosquito bites you but does no damage. x2
The vampire mosquito closely misses you.
You block the vampire mosquito's attack.
You closely miss the vampire mosquito. Your bite misses the vampire mosquito.
The vampire mosquito is almost destroyed.
You closely miss the vampire mosquito. The vampire mosquito barely misses you.
The vampire mosquito bites you!
* * * LOW HITPOINT WARNING * * *
The vampire mosquito draws strength from your injuries!
The vampire mosquito bites you.
* * * LOW HITPOINT WARNING * * *
The vampire mosquito draws strength from your injuries!
The vampire mosquito bites you.
The vampire mosquito draws strength from your injuries!
The vampire mosquito bites you.
* * * LOW HITPOINT WARNING * * *
The vampire mosquito draws strength from your injuries!
The vampire mosquito closely misses you.
You closely miss the vampire mosquito. Your bite misses the vampire mosquito.
The vampire mosquito is heavily damaged.
You hit the vampire mosquito. The vampire mosquito bites you!
* * * LOW HITPOINT WARNING * * *
The vampire mosquito draws strength from your injuries!
The vampire mosquito completely misses you.
You block the vampire mosquito's attack.
The vampire mosquito bites you.
You die...

#.............#...##.
#.........#.......#..
##..........##.........
...........##......... #
#.#.#.###..##.........
.#.#...####..###.........
.......##....####........
.....).#yy....###.#.#....
#....).y@##...##..###....
##...))..#........###....
#$.......#.........#.....
#..................#....#
#.......##........>.#....
.........##.........###.[
.........##..............
..........##...##
>.##.#....####.##


You could see 3 vampire mosquitoes.

Vanquished Creatures
  A black bear (D:5)
  A necrophage (D:4)
  A jelly (D:4)
  A hound (D:5)
  Ijyb (D:3)
  2 iguanas
  An orc wizard (D:5)
  6 adders
  4 gnolls (D:4)
  2 ufetubi
  2 worms (D:2)
  3 dart slugs
  10 orcs
  7 endoplasms
  7 goblins
  10 hobgoblins
  11 jackals
  4 quokkas
  5 ball pythons
  7 bats
  2 frilled lizards
  5 kobolds
  2 rats (D:1)
95 creatures vanquished.

Notes
Turn   | Place    | Note
-------+----------+-------------------------------------------
     0 | D:1      | CrazyBamboolord the Vine Stalker Fighter began the quest
                  | for the Orb.
     0 | D:1      | Reached XP level 1. HP: 11/11 MP: 2/2
   106 | D:1      | Reached XP level 2. HP: 16/16 MP: 3/3
   111 | D:1      | Found Lerishru's General Store.
   215 | D:1      | Reached skill level 2 in Axes
   572 | D:1      | Reached XP level 3. HP: 19/19 MP: 4/4
  1302 | D:2      | Gained mutation: Your natural rate of healing is unusually
                  | fast. [Vine Stalker growth]
  1302 | D:2      | Reached XP level 4. HP: 24/24 MP: 5/5
  1491 | D:3      | Reached skill level 3 in Axes
  1503 | D:3      | Noticed Ijyb
  1514 | D:3      | Killed Ijyb
  1770 | D:3      | Reached XP level 5. HP: 28/28 MP: 6/6
  1847 | D:3      | Noticed a golden eye
  1853 | D:3      | Found a faded altar of an unknown god.
  1855 | D:3      | Noticed an eye of devastation
  1875 | D:3      | Noticed a shining eye
  1875 | D:3      | Noticed an eye of devastation
  2328 | D:4      | Found a hide-covered altar of Uskayaw.
  2449 | D:4      | Reached skill level 4 in Axes
  2568 | D:4      | Reached XP level 6. HP: 31/32 MP: 7/7
  3114 | D:5      | Entered Level 5 of the Dungeon
  3156 | D:5      | Noticed a vampire mosquito
  3156 | D:5      | Noticed a vampire mosquito
  3156 | D:5      | Noticed a vampire mosquito
  3156 | D:5      | Noticed a vampire mosquito
  3167 | D:5      | Noticed a black bear
  3171 | D:5      | Found a shadowy altar of Dithmenos.
  3173 | D:5      | Found an iron altar of Okawaru.
  3267 | D:5      | Found a broken altar of Ashenzari.
  3411 | D:5      | Killed a black bear
  3412 | D:5      | Reached XP level 7. HP: 30/37 MP: 6/8
  3421 | D:5      | Reached skill level 5 in Axes
  3442 | D:5      | Slain by a vampire mosquito

Illustrated notes

Levels and vault maps discovered:
D:1:      heliophobic_arrival_enchanted_forest, layout_basic, serial_shops,
          nicolae_lakefront_shop
D:2:      wad_pebble_path, layout_loops_ring, minmay_box_of_dots
D:3:      layout_basic, hellmonk_ecumenical_altar_watching_god, uniq_ijyb
D:4:      layout_gridville, old_standard_altar
D:5:      layout_cave_pools, nicolae_overflow_crystal_walls,
          pdpol_wu_jian_five_deadly_venoms,
          chequers_temple_overflow_statue_of_worship,
          minmay_temple_entry_poolview

Skill      XL: |  1  2  3  4  5  6  7 |
---------------+----------------------+-----
Axes           | 2 3 4 5 |  5.1
Fighting       | 3 |  3.7
Shields        | 3 |  3.4
Armour         | 3 |  3.8
Dodging        | |  0.5

Action                     |  1- 3 |  4- 6 |  7- 9 || total
---------------------------+-------+-------+-------++-------
  Melee: War axe           |    83 |   174 |    24 ||   281
         Bite              |    16 |    38 |     5 ||    59
  Throw: Throwing net      |       |     1 |       ||     1
    Use: Scroll            |     1 |     9 |       ||    10
 Armour: Scale mail        |    42 |   147 |    19 ||   208
  Dodge: Dodged            |    38 |   117 |    17 ||   172
  Block: Buckler           |    23 |    39 |    11 ||    73

Table legend: (Time is in decaauts)
 A = Elapsed time spent in this place.
 B = Non-inter-level travel time spent in this place.
 C = Inter-level travel time spent in this place.
 D = Time resting spent in this place.
 E = Time spent auto-exploring this place.
 F = Levels seen in this place.
 G = Mean time per level.
                   A        B        C        D        E       F      G
               +--------+--------+--------+--------+--------+-----+--------+
         Total |   3544 |   3382 |    162 |     40 |   2595 |   5 |  708.8 |
       Dungeon |   3544 |   3382 |    162 |     40 |   2595 |   5 |  708.8 |
               +--------+--------+--------+--------+--------+-----+--------+

Top non-repeatable levels by time:
     D:4: 974 daAuts
     D:3: 815 daAuts
     D:2: 756 daAuts
     D:1: 698 daAuts
     D:5: 299 daAuts
